Map: Lockdown LE

Players

math - Winner!

  • Race: Zerg Zerg
  • League: Diamond

A.I. 1 (Very Easy)

  • Race: Protoss Protoss

VOD

Have the link to the VOD?

Description

Time

  • Played on: Oct. 17, 2026, 12:05 p.m.
  • Length: 9:24
Show
View Real Time Build Order
Export as new Build Order

math Zerg - Winner!

Build Orders: Pool First 

Get SALT Encoding   

  12  0:16  Spawning Pool  
  11  0:21  Drone  
  11  0:25  Drone  
  13  0:30  Drone  
  14  0:39  Overlord  
  14  1:05  Zergling x6  
  17  1:15  Hatchery  
  17  1:17  Zergling x2  
  17  1:26  Zergling x2  
  18  1:34  Queen  
  18  1:38  Drone  
  21  1:49  Overlord  
  21  1:59  Drone  
  22  2:09  Drone  
  23  2:20  Drone  
  24  2:24  Extractor  
  24  2:27  Drone, Spawning Pool  
  23  2:31  Drone  
  24  2:38  Queen  
  24  2:40  Drone  
  28  2:44  Drone  
  28  2:47  Drone  
  28  2:50  Drone  
  30  2:53  Drone  
  31  3:12  Hatchery  
  31  3:19  Queen  
  32  3:23  Drone  
  33  3:29  Overlord  
  33  3:35  Drone x2  
  33  3:37  Drone  
  36  3:43  Overlord  
  36  3:48  Metabolic Boost  
  36  3:54  Drone x2  
  37  4:06  Queen  
  37  4:08  Drone x2  
  41  4:11  Drone  
  41  4:14  Drone x2  
  44  4:21  Lair  
  44  4:26  Spore Crawler  
  44  4:28  Spore Crawler  
  44  4:30  Drone  
  43  4:40  Queen  
  43  4:41  Spore Crawler  
  44  4:51  Drone x5  
  49  4:55  Drone, Extractor  
  49  5:00  Drone x3  
  52  5:07  Roach Warren  
  52  5:11  Drone x3  
  52  5:13  Drone  
  55  5:14  Drone  
  55  5:19  Overlord  
  56  5:21  Overlord  
  56  5:24  Overlord  
  56  5:40  Evolution Chamber  
  56  5:41  Drone x7, Evolution Chamber  
  61  5:47  Glial Reconstitution  
  61  5:53  Extractor  
  61  5:54  Extractor, Drone x6  
  65  6:02  Extractor  
  64  6:05  Pneumatized Carapace  
  64  6:07  Zerg Missile Weapons Level 1  
  64  6:10  Zerg Melee Weapons Level 1  
  64  6:16  Drone x8  
  72  6:39  Overlord  
  72  6:40  Overlord x4  
  72  6:44  Queen  
  74  6:47  Roach x3  
  80  7:01  Roach x9  
  80  7:02  Roach  
  100  7:14  Roach x7  
  114  7:22  Roach x3  
  120  7:28  Ravager  
  121  7:30  Overlord x2  
  121  7:31  Overlord x2  
  121  7:48  Queen  
  122  7:52  Roach x5  
  122  7:53  Roach x2  
  140  7:58  Roach x2  
  140  8:13  Ravager x8  
  148  8:23  Roach x3  
  148  8:25  Overlord x4  
  154  8:29  Overlord x3  
  154  8:47  Roach x8  
  154  8:48  Roach x2  
  174  9:05  Drone x8  
  174  9:06  Drone x3  
  185  9:19  Hatchery  
Show
View Real Time Build Order
Export as new Build Order

A.I. 1 (Very Easy) Protoss 

Build Orders:  

Get SALT Encoding   

  12  0:00  Probe  
  13  0:13  Probe  
  14  0:19  Pylon  
  14  0:37  Assimilator  
  14  0:42  Gateway  
  14  0:46  Pylon  
  14  1:13  Assimilator  
  14  1:22  Probe  
  14  1:29  Zealot  
  14  1:30  Probe  
  14  1:32  Cybernetics Core  
  17  1:38  Probe  
  19  1:49  Probe  
  20  1:59  Probe  
  21  2:07  Probe  
  21  2:09  Warp Gate  
  22  2:45  Stalker  
  24  6:50  Probe  
  24  7:23  Probe  
  24  7:28  Adept  
  24  7:29  Pylon  
  27  7:31  Probe, Robotics Facility  
  27  7:33  Nexus  
  28  7:39  Probe  
  29  7:47  Probe  
  28  7:56  Pylon  
  28  7:58  Probe  
  24  8:15  Observer  
  25  8:25  Stalker  
  27  8:27  Observer  
  25  8:46  Pylon  
  25  8:48  Pylon  
  25  8:51  Pylon  
Tags
 
Add a new tag
Caveats
  • Supply blocks, unpowered buildings, or Contaminate may cause inaccurate times.
  • Supply counts are checked every 10 seconds.